 Dungeon Crawl Stone Soup version 0.26.1-10-gdfb7c7de75 (webtiles) character file.

Game seed: 3199994526685963117

8063 Almogavar the Cleaver (level 11, 0/97 HPs)
             Began as a Hill Orc Fighter on Apr 6, 2021.
             Was a High Priest of Okawaru.
             Killed from afar by Erica (18 damage)
             ... with a bolt of poison
             ... on level 1 of the Orcish Mines.
             The game lasted 00:27:04 (12063 turns).

Almogavar the Cleaver (Hill Orc Fighter)           Turns: 12063, Time: 00:27:08

Health: 0/97       AC: 12    Str: 29    XL:     11   Next: 25%
Magic:  11/11      EV:  9    Int:  8    God:    Okawaru [*****.]
Gold:   537        SH: 12    Dex: 10    Spells: 10/10 levels left

rFire    . . .     SeeInvis .   a - +0 war axe
rCold    . . .     Faith    .   c - +0 kite shield
rNeg     . . .     Spirit   .   d - +0 chain mail
rPois    .         Reflect  .   (no helmet)
rElec    .         Harm     .   x - scarf {+Inv}
rCorr    .         Rampage  .   y - +0 pair of gloves
Will     +....                  (no boots)
Stlth    ..........             m - amulet of magic regeneration
HPRegen  0.26/turn              n - ring of willpower
MPRegen  0.37/turn              B - +6 ring of strength

@: mighty, lethally poisoned (0 -> -15), slowed, very slow
A: no striking features
a: Renounce Religion, Evoke Invisibility, Heroism, Finesse


You were on level 1 of the Orcish Mines.
You worshipped Okawaru.
Okawaru was extremely pleased with you.
You visited 3 branches of the dungeon, and saw 12 of its levels.

You collected 537 gold pieces.

Inventory:

Hand Weapons
 a - a +0 war axe (weapon)
Armour
 c - a +0 kite shield (worn)
 d - a +0 chain mail (worn)
 f - a +0 cloak
 v - a +0 ring mail of fire resistance
 x - a scarf of invisibility (worn)
 y - a +0 pair of gloves (worn)
Jewellery
 m - an amulet of magic regeneration (around neck)
 n - a ring of willpower (left hand)
 B - a +6 ring of strength (right hand)
 F - an uncursed ring of magical power
 G - an uncursed ring of protection from cold
 I - an uncursed ring of willpower
 J - a +4 ring of slaying
Wands
 t - a wand of enslavement (10)
 C - a wand of digging (6)
 D - a wand of paralysis (25)
Scrolls
 e - a scroll of summoning {unknown}
 g - 3 scrolls of magic mapping
 i - 7 scrolls of remove curse
 j - 4 scrolls of amnesia
 k - 2 scrolls of blinking
 q - 5 scrolls of teleportation {unknown}
 r - 2 scrolls of fog {unknown}
 u - 2 scrolls of immolation {unknown}
 E - 2 scrolls of random uselessness {unknown}
 K - a scroll of vulnerability {unknown}
 L - 2 scrolls of enchant weapon {unknown}
Potions
 b - 3 potions of might
 l - 4 potions of curing
 o - 3 potions of mutation {unknown}
 p - 3 potions of attraction {unknown}
 s - 2 potions of brilliance
 w - 2 potions of resistance {unknown}
 z - a potion of flight {unknown}
 A - a potion of lignification {unknown}
 H - a potion of haste {unknown}
 M - a potion of berserk rage


   Skills:
 + Level 9.0 Fighting
 + Level 14.0 Axes
 + Level 8.8 Armour
 + Level 3.0 Dodging
 + Level 8.7 Shields
 + Level 1.3 Invocations


You had 10 spell levels left.
You didn't know any spells.
Your spell library contained the following spells:

 Spells                   Type           Power        Failure   Level
 Animate Skeleton         Necr           0%           99%         1
 Beastly Appendage        Tmut           0%           99%         1
 Pain                     Necr           0%           99%         1
 Wereblood                Tmut           0%           99%         2
 Spider Form              Tmut/Pois      0%           100%        3
 Vampiric Draining        Necr           0%           100%        3
 Animate Dead             Necr           0%           100%        4
 Ice Form                 Ice/Tmut       0%           100%        4
 Agony                    Necr           0%           100%        5
 Blade Hands              Tmut           0%           100%        5


Dungeon Overview and Level Annotations

Branches:
Dungeon (10/15)            Temple (1/1) D:4            Lair (0/6) D:8
    Orc (1/2) D:10

Altars:
Ashenzari
Cheibriados
Dithmenos
Elyvilon
Fedhas
Gozag
Hepliaklqana
Kikubaaqudgha
Makhleb
Okawaru
Qazlal
Uskayaw
Vehumet
Wu Jian
Yredelemnul
The Shining One

Shops:
D:4 ([!?*   D:7 [(?*

Annotations:
Orc:1 Erica, Gastronok


Message History

Gastronok is no longer moving quickly.
You block the orc warrior's attack.
You completely miss the orc warrior.
The orc warrior is moderately wounded.
You miss something.
You feel sick.
Erica appears from thin air!
Reactivating autopickup.
You block the orc warrior's attack. Erica hits you but does no damage.
The orc warrior barely misses you.
You closely miss the orc warrior.
The orc warrior is moderately wounded.
You hit Erica. Erica casts a spell at you. The bolt of poison misses you.
You block the orc warrior's attack.
You slash Erica!
Erica is almost dead.
Your chain mail prevents you from hitting Gastronok.
You barely miss the orc warrior.
You feel sick.
Erica points at you and mumbles some strange words.
The bolt of poison hits you!!
You are more poisoned.
You die...

.............# ##.....$.
##...........# #.......
#............ ##.......
###........####
#........##..............
#.......##..............#
##......#......#))....$#
#.......@.......##).....
#....$@o...<....#.$....
##.$...w...#.#.###.$...
###........#### #....
#........## ....
#.....#.## .#.#
..#.#.##.# ###
..######### .#


You could see Gastronok, Erica and an orc warrior.

Vanquished Creatures
  Joseph (D:7)
  A centaur skeleton (D:10)
  A troll (D:9)
  Prince Ribbit (D:7)
  A shadow (D:6)
  A vampire (D:10)
  5 yaks (D:9)
  Edmund (D:4)
  Duvessa (D:7)
  A water moccasin (D:10)
  5 sky beasts
  7 orc warriors
  An ice beast (D:9)
  3 black bears
  An eye of draining (D:8)
  A necrophage (D:9)
  2 phantoms
  4 ogres
  3 centaurs
  A big kobold (D:8)
  10 bullfrogs
  Dowan (D:7)
  A scorpion (D:10)
  6 killer bees (D:8)
  3 wights (D:9)
  2 howler monkeys (D:10)
  A bullfrog zombie (D:6)
  A centaur zombie (D:6)
  A quasit (D:8)
  19 orc priests
  2 jellies
  3 hounds
  15 orc wizards
  2 iguanas
  2 bullfrog skeletons (D:9)
  9 worker ants
  2 hound zombies
  2 hound skeletons
  A worker ant zombie (D:8)
  3 gnolls (D:2)
  16 adders
  3 shadow imps
  3 white imps
  3 ufetubi
  An adder skeleton (D:4)
  A dart slug (D:1)
  2 worms
  A leopard gecko (D:9)
  75 orcs
  4 ball pythons
  2 giant cockroaches
  7 goblins
  6 hobgoblins
  11 jackals
  11 kobolds
  8 quokkas
  5 bats
  6 frilled lizards
  A jackal skeleton (D:7)
  A leopard gecko skeleton (D:7)
  A leopard gecko zombie (D:5)
  A quokka skeleton (D:5)
  4 rats
301 creatures vanquished.

Vanquished Creatures (others)
  3 fungi (D:8)
  2 plants (D:8)
5 creatures vanquished.

Grand Total: 306 creatures vanquished

Notes
Turn   | Place    | Note
-------+----------+-------------------------------------------
     0 | D:1      | Almogavar the Hill Orc Fighter began the quest for the Orb.
     0 | D:1      | Reached XP level 1. HP: 19/19 MP: 1/1
   325 | D:1      | Reached XP level 2. HP: 26/27 MP: 2/2
   878 | D:2      | Found a hazy altar of Hepliaklqana.
   978 | D:2      | Reached skill level 3 in Axes
   994 | D:2      | Reached XP level 3. HP: 21/33 MP: 3/3
  1338 | D:2      | Reached XP level 4. HP: 24/40 MP: 4/4
  1606 | D:2      | Reached skill level 4 in Axes
  2303 | D:3      | Reached XP level 5. HP: 41/47 MP: 5/5
  2326 | D:3      | Reached skill level 5 in Axes
  2716 | D:3      | Found a white marble altar of Elyvilon.
  2751 | D:3      | Reached XP level 6. HP: 50/53 MP: 6/6
  2754 | D:3      | Reached skill level 1 in Dodging
  2954 | D:4      | Noticed Edmund
  2975 | D:4      | Killed Edmund
  2976 | D:4      | Reached skill level 6 in Axes
  3138 | D:4      | Reached skill level 5 in Fighting
  3138 | D:4      | Reached XP level 7. HP: 15/61 MP: 7/7
  3407 | D:4      | Reached skill level 5 in Armour
  3630 | D:4      | Found Loukycob's Magic Scroll Emporium.
  3636 | D:4      | Found Luwooru's Distillery.
  3693 | D:4      | Reached skill level 7 in Axes
  3715 | D:4      | Found Nebli's Antique Armour Boutique.
  3774 | D:4      | Found Isue's Antique Weapon Boutique.
  3810 | D:4      | Found a stormy altar of Qazlal.
  3846 | D:4      | Found a staircase to the Ecumenical Temple.
  3880 | Temple   | Entered the Ecumenical Temple
  3899 | Temple   | Became a worshipper of Warmaster Okawaru
  4107 | D:4      | Found Tufouph's General Store.
  4144 | D:5      | Entered Level 5 of the Dungeon
  4484 | D:5      | Reached XP level 8. HP: 69/69 MP: 8/8
  4746 | D:5      | Reached skill level 8 in Axes
  4767 | D:5      | Found a snail-covered altar of Cheibriados.
  4885 | D:5      | Reached skill level 5 in Shields
  5407 | D:6      | Reached * piety under Okawaru
  5748 | D:6      | Reached skill level 9 in Axes
  6017 | D:6      | Found a radiant altar of Vehumet.
  6159 | D:7      | Found Qipigotu's Armour Shoppe.
  6169 | D:7      | Reached XP level 9. HP: 57/78 MP: 9/9
  6193 | D:6      | Reached skill level 10 in Axes
  6473 | D:7      | Found Qostu's Magic Scroll Shoppe.
  6496 | D:7      | Reached ** piety under Okawaru
  6662 | D:7      | Noticed Joseph
  6680 | D:7      | Killed Joseph
  6830 | D:7      | Found Geaprae's Assorted Antiques.
  6901 | D:7      | Noticed Dowan
  6915 | D:7      | Killed Dowan
  6916 | D:7      | Reached skill level 11 in Axes
  6916 | D:7      | Noticed Duvessa
  6945 | D:7      | Killed Duvessa
  7275 | D:7      | Noticed Prince Ribbit
  7291 | D:7      | Killed Prince Ribbit
  7383 | D:7      | Found Kocem's Weapon Emporium.
  7450 | D:8      | Reached *** piety under Okawaru
  7457 | D:8      | Reached skill level 1 in Invocations
  7611 | D:8      | Reached XP level 10. HP: 79/86 MP: 10/10
  7689 | D:8      | Reached skill level 12 in Axes
  8010 | D:8      | Found a broken altar of Ashenzari.
  8084 | D:8      | Found a shadowy altar of Dithmenos.
  8120 | D:8      | Found a staircase to the Lair.
  8831 | D:9      | Reached **** piety under Okawaru
  9816 | D:9      | Found a burning altar of Makhleb.
 10056 | D:9      | Found a blossoming altar of Fedhas.
 10104 | D:9      | Found an ancient bone altar of Kikubaaqudgha.
 10349 | D:10     | Entered Level 10 of the Dungeon
 10368 | D:9      | Reached skill level 13 in Axes
 10600 | D:9      | Reached ***** piety under Okawaru
 10612 | D:9      | Reached XP level 11. HP: 47/95 MP: 11/11
 11098 | D:10     | Found a staircase to the Orcish Mines.
 11987 | Orc:1    | Entered Level 1 of the Orcish Mines
 12018 | Orc:1    | Noticed Erica
 12022 | Orc:1    | Reached skill level 14 in Axes
 12022 | Orc:1    | Noticed Gastronok
 12063 | Orc:1    | Killed from afar by Erica

Illustrated notes

Levels and vault maps discovered:
D:1:      shiori_shiawase, layout_basic
D:2:      minmay_general_purpose_star, layout_rooms, lemuel_crystal_altar,
          hangedman_decor_diamond_cutter, minmay_misc_feat_alley,
          amcnicky_mini_corridor_feature, chequers_garden
D:3:      layout_basic, elyvilon_altar_1, serial_glass, glass_columns_a,
          glass_columns_c, glass_columns_a, glass_columns_c, glass_columns_a,
          glass_columns_a
D:4:      layout_rooms, lemuel_coloured_pillars_altar,
          minmay_temple_entry_antechambers, serial_shops, shop, shop, shop,
          shop, shop, uniq_edmund
D:5:      layout_basic, lemuel_round_altar
D:6:      layout_rooms, vehumet_crystals, sigmund_army
D:7:      layout_rooms, serial_shops, shop, kennysheep_mini, shop, shop,
          uniq_duvessa, uniq_prince_ribbit1, uniq_joseph
D:8:      layout_cave_pools, nicolae_overflow_hidden_temple, dpeg_oklobed_lair,
          nicolae_dithmenos_the_darkroom
D:9:      layout_layer_cave, lemuel_crystal_altar, makhleb_blood_cavern_becter,
          fedhas_altar_fruit_tree
D:10:     layout_cross, hiddenorc2_lemuel
Temple:   eino_temple_water
Orc:1:    layout_diamond_mine, uniq_erica, uniq_gastronok, uniq_jorgrun

Skill      XL: |  1  2  3  4  5  6  7  8  9 10 11 |
---------------+----------------------------------+-----
Fighting       | 4 5 6 7 8 9 |  9.0
Axes           | 3 4 5 6 7 9 11 13 14 | 14.0
Shields        | 4 5 7 8 |  8.7
Armour         | 4 5 6 7 8 |  8.8
Dodging        | 1 2 3 |  3.0
Invocations    | 1 |  1.3

Action                   |  1- 3 |  4- 6 |  7- 9 | 10-12 || total
-------------------------+-------+-------+-------+-------++-------
Melee: War axe           |    86 |   118 |   398 |   459 ||  1061
Invok: Heroism           |       |       |     2 |     3 ||     5
  Use: Scroll            |     3 |       |     1 |     3 ||     7
       Potion            |       |     3 |     1 |     6 ||    10
Armor: Scale mail        |    46 |    36 |       |       ||    82
       Chain mail        |       |       |   165 |   191 ||   356
Dodge: Dodged            |    30 |    34 |    95 |   121 ||   280
Block: Kite shield       |    38 |    50 |   217 |   280 ||   585
